AoeStats
← Tyler8274

Arabia

510037855Analyzed
1v1 RM · 4d ago on Sep 29, 2026· 47m 39s· 2 players
Game mode
Random Map
Map size
Tiny (2 player)
Population
200
Speed
Normal
Resources
Standard
Victory
Conquest
Starting age
Dark Age
Ending age
Imperial Age
RankedLock teamsTeams togetherTeam positionsShared explorationLock speedFull tech treeHidden civsTurbo modeCheats
Victory
Defeat
🇬🇧 Vietnamese · United Kingdom
852
+15
🇺🇸 Goths · United States
827
-36
Tyler8274
3:21 Loom
10:28 Feudal Age
10:53 Double-Bit Axe
10:49 Horse Collar
17:30 Man-at-Arms
24:36 Fletching
24:46 Padded Archer Armor
28:37 Castle Age
34:48 Gold Mining
34:36 Elite Skirmisher
36:15 Bow Saw
38:45 Wheelbarrow
38:25 Town Watch
41:26 Imperial Age
39:20 Ballistics
39:08 Squires
42:45 Long Swordsman
43:28 Anarchy
42:51 Elite Huskarl
43:31 Perfusion
43:27 Two-Handed Swordsman
44:23 Forging
44:13 Scale Mail Armor
44:57 Champion
45:32 Pikeman
47:08 Halberdier
悟 GOKU 悟
2:36 Loom
10:18 Feudal Age
18:08 Fletching
21:49 Padded Archer Armor
23:11 Wheelbarrow
24:58 Man-at-Arms
29:44 Castle Age
27:36 Stone Mining
27:38 Gold Mining
30:27 Bloodlines
30:02 Horse Collar
31:33 Stone Shaft Mining
30:46 Double-Bit Axe
31:04 Heavy Plow
31:42 Bodkin Arrow
34:40 Hand Cart
39:26 Leather Archer Armor
45:11 Imperial Age
43:31 Town Watch
46:46 Bracer
Connection lost

Rejoining the realm…

Still unreachable

The connection could not be restored.

Session expired

The server has moved on; the page needs a fresh start.